 Dungeon Crawl Stone Soup version 0.30-a0-371-gad7725a93e (webtiles) character file.

Game seed: 1912451316142442508

448 Querens the Sneak (level 6, 0/28 HPs)
             Began as a Spriggan Enchanter on Nov 21, 2022.
             Killed from afar by an orc wizard (9 damage)
             ... with a magic dart
             ... on level 3 of the Dungeon.
             The game lasted 00:13:54 (2629 turns).

Querens the Sneak (Spriggan Enchanter)              Turns: 2629, Time: 00:13:55

Health: 0/28       AC:  2    Str:  4    XL:     6   Next: 73%
Magic:  2/13       EV: 17    Int: 16    God:
Gold:   200        SH:  0    Dex: 18    Spells: 6/14 levels left

rFire   . . .      SeeInvis +    a - +1 dagger
rCold   . . .      Faith    .    (no shield)
rNeg    . . .      Spirit   .    b - +0 robe
rPois   .          Reflect  .    (helmet restricted)
rElec   .          Harm     .    (no cloak)
rCorr   .          Rampage  .    (gloves unavailable)
Will    +....                    (boots unavailable)
Stlth   ++++......               (no amulet)
HPRegen 0.24/turn                (no ring)
MPRegen 0.13/turn                (no ring)

@: invisible, very quick
A: very small, no large weapons, unfitting armour, see invisible, speed 3
a: no special abilities


You were on level 3 of the Dungeon.
You visited 1 branch of the dungeon, and saw 3 of its levels.
You also visited: Sewer.

You collected 200 gold pieces.

Inventory:

Hand Weapons
 a - a +1 dagger (weapon)
 h - a +0 short sword of holy wrath
Armour
 b - a +0 robe (worn)
Scrolls
 e - a scroll of noise {unknown}
 g - a scroll of blinking {unknown}
 j - 7 scrolls of identify {unknown}
 n - a scroll of immolation {unknown}
 o - a scroll of poison {unknown}
Potions
 c - 3 potions of invisibility
 d - a potion of attraction {unknown}
 f - 2 potions of curing
 i - a potion of flight {unknown}
 k - 2 potions of heal wounds {unknown}
 l - 2 potions of haste {unknown}
 m - 3 potions of resistance {unknown}
 p - a potion of brilliance {unknown}
 q - 2 potions of cancellation {unknown}
 r - a potion of experience {unknown}
 s - 3 potions of magic {unknown}


   Skills:
 + Level 3.4 Short Blades
 - Level 2.6 Dodging
 + Level 6.7 Stealth
 + Level 4.5 Spellcasting
 + Level 5.3 Hexes
 + Level 2.1 Ice Magic


You had 6 spell levels left.
You knew the following spells:

 Your Spells              Type           Power      Damage    Failure   Level
a - Ensorcelled Hibernat  Hex/Ice        30%        N/A       5%          2
b - Confusing Touch       Hex            20%        N/A       5%          3
c - Tukima's Dance        Hex            20%        N/A       5%          3

Your spell library contained the following spells:

 Spells                   Type           Power      Damage    Failure   Level
 Dazzling Flash           Conj/Hex       24%        N/A       16%         3
 Conjure Ball Lightning   Conj/Air       1%         3x3d6     100%        6
 Discord                  Hex            10%        N/A       100%        8
 Disjunction              Tloc           1%         N/A       100%        8


Dungeon Overview and Level Annotations

Branches:
Dungeon (3/15)              Sewer (visited)

Altars:


Innate Abilities, Weirdness & Mutations

You are very small and have problems with some larger weapons.
You are too small for most types of armour.
You have supernaturally acute eyesight. (SInv)
You cover ground extremely quickly. (Speed+++)


Message History

The orc wizard gestures at you while chanting.
The puff of flame hits you!
* * * LOW HITPOINT WARNING * * *
You fade into invisibility!
The orc wizard closely misses you. The orc wizard misses you.
The orc shouts!
You hit the orc wizard but do no damage.
The orc wizard is lightly wounded.
The orc wizard hits you but does no damage.
You hit the orc wizard but do no damage.
The orc wizard is lightly wounded.
The orc shouts!
You hit the orc wizard.
The orc wizard is lightly wounded.
You hit the orc wizard.
The orc wizard is moderately wounded.
The orc wizard closely misses you.
You hit the orc wizard.
The orc wizard is moderately wounded.
The orc wizard barely misses you.
You hit the orc wizard but do no damage.
The orc wizard is moderately wounded.
The orc wizard completely misses you.
You hit the orc wizard.
The orc wizard is moderately wounded.
The orc misses you. The orc wizard barely misses you.
You hit the orc wizard but do no damage.
The orc wizard is moderately wounded.
You hit the orc wizard but do no damage.
The orc wizard is moderately wounded.
The orc closely misses you.
The orc wizard hits you with a +0 dagger.
The orc wizard closely misses you.
You closely miss the orc wizard.
The orc wizard is moderately wounded.
The orc misses you.
The orc wizard points at you and mumbles some strange words.
The magic dart hits you!
You die...

###......# ###.....# ####.#
.##......######o)o....# #.....
.##............o#.o...# #.....
.##.<....[).>.######..######.##.#
..)......###...# ##.##.....##.#
..#).....# #...#####.....#...##.#
..#......# ##..)....[......###..#
#.######## ##.o.................
~##~~~~~## #.o@#####....##..###
~#.#####~# #..#..###..##.##.##
~#~##~##~##...###..##.###.#..#
~#~#~#.#~#..######....##....##
~#~#.#.#÷#####......####..###
~#~###~#.#.....###.## #..##
~##.÷~~#~#...### #.# ###...#
.#######~#...#####.# #...#.#
#~~~.~.~####....)..###.###.#


You could see an orc wizard (invisible, unable to see you) and an orc (unable to
see you).

Vanquished Creatures
  An ice beast (D:3)
  A kobold brigand (Sewer)
  A hound (D:3)
  An orc wizard (D:3)
  7 adders
  6 river rats (Sewer)
  2 worms
  3 dart slugs
  7 orcs (D:3)
  6 endoplasms
  7 giant cockroaches
  4 goblins (D:1)
  5 hobgoblins
  2 jackals (D:2)
  A quokka (D:3)
  8 ball pythons
  4 bats
  3 frilled lizards
  25 kobolds
  23 rats
117 creatures vanquished.

Notes
Turn   | Place    | Note
-------+----------+-------------------------------------------
     0 | D:1      | Querens the Spriggan Enchanter began the quest for the Orb.
     0 | D:1      | Reached XP level 1. HP: 9/9 MP: 5/5
   236 | D:1      | Reached XP level 2. HP: 13/13 MP: 6/6
   717 | D:1      | Learned a level 2 spell: Ensorcelled Hibernation
   963 | D:2      | Reached XP level 3. HP: 16/16 MP: 8/8
   976 | D:2      | Reached skill level 5 in Stealth
  1326 | D:3      | Reached XP level 4. HP: 21/21 MP: 7/10
  1408 | D:3      | Identified the +8 chain mail of Mirghom {rN++ rCorr Int+2}
  1601 | D:3      | Reached skill level 1 in Ice Magic
  1647 | D:3      | Found a glowing drain.
  1651 | Sewer    | Entered a sewer
  1687 | Sewer    | Noticed a kobold brigand
  1735 | Sewer    | Reached XP level 5. HP: 24/24 MP: 8/11
  1760 | Sewer    | Learned a level 3 spell: Confusing Touch
  1764 | Sewer    | Learned a level 3 spell: Tukima's Dance
  1877 | Sewer    | Reached skill level 6 in Stealth
  2101 | Sewer    | Reached skill level 5 in Hexes
  2103 | Sewer    | Reached XP level 6. HP: 27/28 MP: 2/13
  2560 | D:3      | Noticed an ice beast
  2567 | D:3      | Killed an ice beast
  2629 | D:3      | Killed from afar by an orc wizard

Illustrated notes

Levels and vault maps discovered:
D:1:      dpeg_arrival_oval, layout_basic, minmay_pentomino_z4
D:2:      layout_basic
D:3:      layout_rooms, grunt_temple_overflow_open, gup_sewer_entry_spiral

Skill      XL: |  1  2  3  4  5  6 |
---------------+-------------------+-----
Spellcasting   | 3 4 |  4.5
Hexes          | 4 5 |  5.3
Stealth        | 5 6 |  6.7
Short Blades   | 2 3 |  3.4
Ice Magic      | 1 2 |  2.1
Dodging        | |  2.6

Action                   |  1- 3 |  4- 6 || total
-------------------------+-------+-------++-------
Melee: Dagger            |   112 |   272 ||   384
 Cast: Ensorcelled Hiber |     4 |    46 ||    50
       Confusing Touch   |       |     2 ||     2
  Use: Potion            |       |     3 ||     3
 Stab: Distracted        |     1 |     2 ||     3
       Sleeping          |    14 |    34 ||    48
       Confused          |       |     2 ||     2
Armor: Robe              |    10 |    15 ||    25
Dodge: Dodged            |    63 |   196 ||   259

Table legend: (Time is in decaauts)
 A = Elapsed time spent in this place.
 B = Non-inter-level travel time spent in this place.
 C = Inter-level travel time spent in this place.
 D = Time resting spent in this place.
 E = Time spent auto-exploring this place.
 F = Levels seen in this place.
 G = Mean time per level.
                   A        B        C        D        E       F      G
               +--------+--------+--------+--------+--------+-----+--------+
         Total |   1835 |   1705 |    130 |      0 |      0 |   4 |  458.8 |
       Dungeon |   1205 |   1075 |    130 |      0 |      0 |   3 |  401.7 |
         Sewer |    630 |    630 |      0 |      0 |      0 |   1 |  630.0 |
               +--------+--------+--------+--------+--------+-----+--------+

Top non-repeatable levels by time:
   Sewer: 630 daAuts
     D:1: 566 daAuts
     D:3: 353 daAuts
     D:2: 285 daAuts
